Map: Eternal Empire LE

Players

RyuKey

  • Race: Terran Terran
  • League: Diamond
  • Spawn Location: 1:00

manulorc - Winner!

  • Race: Terran Terran
  • League: Diamond
  • Spawn Location: 7:00

VOD

Have the link to the VOD?

Description

Time

  • Played on: June 22, 2020, 12:05 p.m.
  • Length: 13:05
Show
View Real Time Build Order
Export as new Build Order

RyuKey Terran 

Build Orders:  

Get SALT Encoding   

  12  0:30  SCV  
  13  0:45  SCV  
  14  0:50  Command Center  
  14  0:58  SCV  
  15  1:05  Supply Depot  
  15  1:06  Refinery  
  15  1:27  SCV  
  16  1:33  Barracks  
  16  1:38  Barracks  
  16  1:42  SCV  
  17  1:55  SCV  
  18  2:05  SCV  
  18  2:07  SCV  
  20  2:17  SCV  
  20  2:19  SCV  
  20  2:21  Factory  
  22  2:29  SCV, Bunker  
  23  2:34  Marine x2  
  25  2:38  Bunker  
  25  2:41  SCV  
  26  2:45  SCV  
  27  2:55  Orbital Command  
  27  3:02  Orbital Command  
  27  3:07  Factory Tech Lab  
  27  3:08  Barracks Tech Lab  
  27  3:09  Barracks Reactor  
  27  3:17  Supply Depot  
  27  3:23  SCV  
  28  3:32  Marine  
  29  3:34  Siege Tank  
  29  3:35  SCV  
  29  3:37  SCV  
  34  3:45  Refinery  
  34  3:47  SCV  
  35  3:49  SCV  
  35  3:52  Marine x3  
  39  3:59  SCV  
  39  4:01  SCV  
  41  4:07  Refinery  
  41  4:10  Marine  
  41  4:11  SCV  
  41  4:13  SCV, Stimpack, Marine  
  41  4:14  Marine  
  41  4:16  Refinery  
  46  4:23  SCV  
  46  4:25  SCV  
  46  4:28  Marine  
  34  4:31  Marine x2  
  34  4:36  SCV  
  34  4:37  SCV  
  31  4:48  SCV  
  31  4:49  SCV  
  29  5:00  SCV  
  30  5:12  SCV  
  31  5:14  SCV  
  32  5:24  SCV  
  32  5:26  SCV  
  36  5:33  Command Center  
  34  5:36  SCV  
  34  5:38  SCV  
  34  5:40  Marine  
  39  5:49  SCV  
  38  5:54  Starport  
  38  5:55  SCV  
  39  5:58  Marine x3  
  42  6:05  SCV  
  42  6:07  SCV  
  44  6:13  Supply Depot x2  
  44  6:17  SCV  
  45  6:18  Marine  
  45  6:19  Refinery  
  45  6:23  Combat Shield  
  46  6:34  Marine x2  
  46  6:35  SCV x2  
  46  6:36  Starport Reactor, Marine  
  46  6:38  Engineering Bay  
  51  6:41  Engineering Bay  
  53  6:47  SCV x2  
  53  6:58  Orbital Command  
  53  6:59  SCV  
  53  7:00  SCV  
  55  7:09  Terran Infantry Weapons Level 1  
  55  7:11  SCV  
  55  7:12  SCV  
  55  7:13  Terran Infantry Armor Level 1  
  57  7:23  SCV  
  57  7:24  SCV x2  
  57  7:26  Medivac  
  57  7:27  Marine  
  63  7:35  SCV  
  64  7:38  SCV  
  64  7:39  SCV, Marine x2  
  68  7:45  Marine  
  68  7:50  SCV x2, Siege Tank  
  74  7:53  Orbital Command  
  74  7:55  Armory  
  74  7:57  Marine x2  
  76  8:02  SCV  
  77  8:12  SCV, Supply Depot, Marine  
  77  8:14  SCV, Supply Depot  
  77  8:34  SCV x2, Marine x3, Siege Tank  
  77  8:35  SCV, Medivac x2, Supply Depot  
  77  8:36  Supply Depot  
  77  8:39  Sensor Tower  
  90  8:46  SCV x2  
  92  8:52  Marine  
  93  9:00  SCV x2, Marine  
  93  9:02  Marine  
  97  9:05  Medivac x2  
  97  9:06  Siege Tank  
  97  9:07  Supply Depot  
  97  9:09  Supply Depot, Marine  
  104  9:10  SCV  
  104  9:13  SCV  
  104  9:14  SCV  
  108  9:18  Marine  
  109  9:24  Terran Infantry Armor Level 2, Terran Infantry Weapons Level 2  
  109  9:28  SCV x3, Marine x2  
  114  9:34  Barracks  
  114  9:36  Barracks  
  114  9:39  Barracks  
  111  9:47  Viking  
  111  9:48  Viking  
  111  9:49  SCV, Marine x2  
  118  9:56  SCV x2  
  120  10:01  SCV, Marine  
  122  10:08  SCV x2  
  122  10:11  Supply Depot  
  122  10:12  Supply Depot  
  124  10:14  Supply Depot  
  124  10:15  SCV  
  124  10:17  Supply Depot  
  125  10:28  Command Center  
  125  10:31  Missile Turret  
  125  10:33  SCV x3  
  125  10:34  Missile Turret  
  128  10:37  Marine  
  128  10:38  Marine  
  128  10:39  Barracks Reactor x2  
  128  10:40  Barracks Reactor  
  130  10:47  Marine  
  130  10:48  SCV, Siege Tank  
  135  10:54  Supply Depot  
  135  10:56  Terran Vehicle Weapons Level 1, Supply Depot x2  
  135  11:03  Supply Depot  
  135  11:08  Marine  
  135  11:09  Marine x2  
  138  11:15  Factory  
  138  11:16  Viking x2  
  142  11:20  Siege Tank  
  142  11:25  Marine x6  
  146  11:26  Marine x3  
  116  11:43  Marine x5  
  105  11:49  Marine x4  
  105  11:52  Siege Tank  
  100  12:01  Marine x5  
  89  12:06  Marine  
  89  12:07  Marine x3  
  82  12:18  Marine  
  82  12:19  Marine x4  
  82  12:21  Medivac x2  
  82  12:22  SCV  
  88  12:23  SCV  
  88  12:24  Marine x2, Siege Tank  
  88  12:25  Marine x2  
  92  12:34  SCV  
  92  12:36  Marine  
  92  12:37  Marine x2  
  90  12:44  Marine x6  
Show
View Real Time Build Order
Export as new Build Order

manulorc Terran - Winner!

Build Orders: 1/1/1, Liberator Opening 

Get SALT Encoding   

  12  0:01  SCV  
  13  0:13  SCV  
  14  0:17  Supply Depot  
  14  0:25  SCV  
  15  0:28  Refinery  
  15  0:39  SCV  
  16  0:45  Barracks  
  16  0:51  SCV  
  17  0:57  Refinery  
  17  1:03  SCV  
  18  1:15  SCV  
  19  1:32  Orbital Command  
  19  1:33  Reaper  
  19  1:38  Factory  
  20  1:46  Supply Depot  
  20  1:58  SCV  
  21  2:05  Reaper  
  22  2:10  SCV  
  25  2:22  Hellion  
  25  2:23  Starport  
  25  2:24  SCV  
  25  2:28  Supply Depot  
  26  2:36  SCV  
  27  2:39  Reaper  
  28  2:46  Hellion  
  30  2:52  Supply Depot  
  30  2:59  Liberator  
  33  3:07  Hellion  
  33  3:11  Reaper  
  36  3:20  Command Center  
  36  3:29  SCV, Hellion  
  39  3:41  SCV, Refinery  
  40  3:45  Barracks Reactor  
  40  3:47  Starport Tech Lab  
  40  3:50  Factory Tech Lab  
  40  3:53  SCV  
  41  4:05  SCV  
  40  4:24  Raven, Cyclone  
  40  4:25  Marine x2  
  45  4:40  Command Center  
  40  4:58  Marine x2  
  40  4:59  Cyclone  
  43  5:05  Orbital Command  
  43  5:06  SCV  
  41  5:14  Raven  
  41  5:18  SCV  
  44  5:21  Marine x2  
  46  5:30  SCV  
  46  5:32  SCV  
  51  5:35  Siege Tank  
  51  5:42  SCV  
  52  5:43  Marine x2  
  52  5:44  SCV  
  55  5:51  Engineering Bay  
  55  5:52  Engineering Bay  
  55  5:53  Orbital Command  
  55  5:54  SCV  
  55  5:56  SCV  
  57  5:59  Refinery  
  57  6:07  SCV  
  57  6:08  SCV  
  57  6:10  Siege Tank  
  62  6:14  Marine  
  63  6:19  SCV, Terran Infantry Weapons Level 1  
  63  6:20  Terran Infantry Armor Level 1  
  63  6:22  Viking  
  63  6:23  SCV  
  67  6:28  Supply Depot  
  67  6:29  SCV  
  67  6:31  SCV  
  69  6:34  Marine  
  69  6:35  Supply Depot  
  69  6:38  Viking  
  72  6:40  SCV  
  72  6:41  SCV  
  72  6:43  SCV  
  75  6:51  Supply Depot  
  75  6:52  SCV  
  76  6:57  Marine  
  76  6:58  Siege Tank  
  76  6:59  SCV x2  
  82  7:01  Viking  
  82  7:05  Stimpack  
  84  7:19  Marine  
  84  7:22  Orbital Command  
  85  7:23  SCV  
  85  7:24  SCV, Armory  
  85  7:25  Barracks x2  
  87  7:43  Marine  
  87  7:44  Viking x2, Siege Tank  
  94  7:54  SCV x3  
  97  8:06  SCV x3  
  97  8:08  Marine  
  97  8:09  Command Center  
  101  8:14  Barracks  
  101  8:17  Supply Depot x2  
  101  8:25  Barracks Reactor x2  
  101  8:34  Supply Depot  
  101  8:36  Supply Depot  
  101  8:38  Viking, SCV, Marine, Terran Infantry Weapons Level 2, Siege Tank  
  101  8:39  Viking  
  101  8:40  SCV x2, Barracks  
  112  8:46  Refinery  
  112  8:47  Refinery  
  112  8:50  SCV  
  112  8:53  Supply Depot  
  113  8:56  Missile Turret  
  113  8:57  Marine  
  113  8:58  Missile Turret  
  113  9:00  Supply Depot x2  
  113  9:01  Marine x3  
  113  9:02  Barracks Reactor, Marine  
  118  9:03  Terran Infantry Armor Level 2  
  118  9:04  SCV x3  
  121  9:16  SCV  
  122  9:23  Marine  
  122  9:24  Marine x4  
  124  9:25  Siege Tank  
  124  9:26  Medivac  
  132  9:34  Barracks Reactor  
  132  9:35  Combat Shield  
  132  9:44  Marine x6  
  138  9:57  Missile Turret  
  138  9:58  Missile Turret  
  138  10:01  Marine  
  138  10:02  Marine  
  138  10:03  Sensor Tower  
  138  10:04  Terran Vehicle Weapons Level 1  
  138  10:05  Factory, Marine x5  
  145  10:07  Medivac  
  145  10:08  Sensor Tower  
  145  10:11  Marine x2  
  149  10:18  Marine  
  149  10:19  Marine  
  151  10:23  Marine x2  
  151  10:27  Marine x3  
  156  10:28  Siege Tank  
  156  10:29  Marine x2  
  156  10:34  Supply Depot  
  161  10:36  Marine  
  161  10:37  Marine  
  161  10:39  SCV x3  
  161  10:40  Planetary Fortress  
  166  10:46  Barracks  
  166  10:47  Supply Depot, Barracks  
  166  10:48  Marine  
  166  10:49  Marine x5  
  172  10:56  SCV x3  
  175  10:57  Supply Depot x2, Marine  
  175  10:58  Marine  
  175  11:00  Supply Depot  
  175  11:01  Marine, Siege Tank  
  181  11:06  Marine  
  181  11:08  SCV x2  
  184  11:12  Factory Tech Lab  
  184  11:14  SCV  
  185  11:20  SCV x2  
  185  11:22  Marine x4  
  168  11:44  Marine x3  
  168  11:45  Marine x5  
  168  11:46  Barracks Reactor x2, Marine  
  165  11:47  Siege Tank  
  165  11:48  Viking x2, Siege Tank  
  160  12:02  Marine x4  
  160  12:05  Marine x5  
  156  12:18  Viking  
  156  12:20  Marine x4  
  162  12:22  Marine x2  
  162  12:23  Marine x4  
  162  12:28  Marine x2  
  170  12:32  Marine  
  170  12:35  Command Center  
  164  12:38  Marine x3  
  167  12:45  Marine x2  
  167  12:46  Marine x5  
Tags
 
Add a new tag
Caveats
  • Supply blocks, unpowered buildings, or Contaminate may cause inaccurate times.
  • Supply counts are checked every 10 seconds.